Workbook

Sheet 合同档案目录
A1: 大连罗斯泵业有限公司
A2: 合同档案目录
A3: ="计划号："&'封面'!E8 | D3: ="客户："&'封面'!E11 | G3: ="业务员："&'封面'!E17 | K3: 制式文件，此页无需操作
A4: 合同信息 | E4: 变更单及内部联络函
A5: 序号 | B5: 类别 | C5: 页数 | D5: 有无 | E5: 序号 | F5: 公司码＆文件编号 | G5: 变更内容 | H5: 页数 | I5: 部门
A6: 1 | B6: 中标通知书 | E6: 1
A7: 2 | B7: 销售合同 | E7: 2
A8: 3 | B8: 技术协议 | E8: 3
A9: 4 | B9: 排产申请 | E9: 4
A10: 5 | B10: 合同评审表 | E10: 5
A11: 6 | B11: 生产通知单 | E11: 6
A12: 7 | B12: 工期确认表 | E12: 7
A13: 8 | B13: 会议记录 | E13: 8
A14: 9 | B14: 中间资料 | E14: 9
A15: 10 | B15: 终版资料 | E15: 10
A16: 11 | B16: 机封采购合同 | E16: 11
A17: 12 | B17: 电机采购合同 | E17: 12
... A20: 15 | B20: 发货通知单 | E20: 15
A21: 客户来函件 | E21: 公司发函件
A22: 序号 | B22: 内容 | C22: 页数 | D22: 发件人 | E22: 序号 | F22: 文件编号 | G22: 内容 | H22: 页数 | I22: 发件人
A23: 1 | E23: 1
A24: 2 | E24: 2
A25: 3 | E25: 3
A26: 4 | E26: 4
A27: 5 | E27: 5
A28: 6 | E28: 6
A29: 7 | E29: 7
A30: 8 | E30: 8
A31: 9 | E31: 9

Sheet 封面
B2: 大连罗斯泵业有限公司
C5: 工 厂 执 行 文 件-FOP
C7: 合同号
C8: 罗斯计划号 | K8: 此页仅涂黄处需要自动填写
C9: 项目/装置名称
C11: 买 方
C13: 最终用户
C15: 设 计 方
C17: 销售经理 | G17: 技术支持
C18: 排产时间 | G18: 交货日期
C19: 合同类型 | G19: 设备类型及数量
C21: 市场领域 | G21: 所在地区环境
D24: 预排执行计划
D25: 确定执行计划
C28: 8
C29: 7
C30: 6
C31: 5
C32: 4
C33: 3
C34: 2
C35: 1
C36: 0
C37: 版次 | D37: 说 明 | F37: 日期 | G37: 编 制 | H37: 校 对 | I37: 批 准

Sheet 文件升版修订
A3: 大连罗斯泵业有限公司
A5: FOP修订文件
A6: 序号 | B6: 修订项 | C6: 日期 | D6: 修订内容
A7: 1
A8: 2 | F8: 制式文件，此页无需操作
A9: 3
A10: 4
A11: 5
A12: 6
A13: 7
A14: 8
A15: 9
A16: 10
A17: 11
A18: 12
A19: 13
A20: 14
... A32: 26

Sheet 排产说明
A1: 采购单位 | C1: =IF('选型表'!D3="","",'选型表'!D3) | G1: 合同号 | H1: =IF('选型表'!E2="","",'选型表'!E2)
A2: 计划号 | C2: =IF('选型表'!J2="","",'选型表'!J2) | G2: 日期 | H2: =IF('选型表'!AC5="","",'选型表'!AC5)
A3: 技术说明
A4: 一、是 罚款合同！
A5: 二、排产特殊事项：
A6: 1、主要部件材质及材质执行标准：位号P0702A/B/C烧嘴冷却水泵材质S-6，位号P0802A1/A2/B1/B2/C1/C2/D1/D2二级高温热水泵泵体ZG1Cr13Ni、叶轮ZG06Cr13Ni4Mo，位号P0811A/B/C锁斗冲洗水泵泵体ZG06Cr13Ni4Mo，位号P0703A1/A2/B1/B2/C1/C2/D1/D2锁斗循环泵、P0704A1/A2/B1/B2/C1/C2/D1/D2渣池泵、P0706A/B/C/D预热水泵、P0805A/B/C低压灰水泵材质Ni-hard，位号P1801AB渣浆泵叶轮Ni-hard；
A7: 2、法兰标准：机组内部所有管口法兰均采用HG20615-2009标准法兰，离心泵的进出口法兰按等压设计；位号P-7101A/B/C进出口Class900 WN-RF，位号P-7102A/B进出口Class600 WN-RF，位号P-7103A/B进出口Class300 WN-RF，位号P1004A/B进出口900LB RJ，位号P0802A1/A2/B1/B2/C1/C2/D1/D2进口150LB RF、出口300LB RF；
A8: 3、泵铭牌要求：应设置不锈钢铭牌和转向箭头，铭牌上必须包括招标方的泵的位号；
A9: 4、水压试验范围与压力：关死点扬程在曲线中明确具体数值，设计压力不低于水试关死点压力及API610标准所要求的附加余量；
A10: 5、安全防护（护罩）：泵、包括驱动机、联轴器及护罩、辅助系统应安装在同一底座上，联轴器护罩形式为无火花型、全封闭、带盘车天窗，带金属骨架，厚度不低于3mm；
A11: 6、紧固件要求：管路法兰按照全螺纹双头全螺纹螺栓执行，供货范围内的所有管路法兰紧固件均采用双头螺栓，两端外漏2-4丝；
A12: 7、海拔/大气压/环境：海拔高度21米，年平均气压101.44KPa，环境温度平均12.9℃、最高43.4℃、最低-27℃，室外安装；
A13: 8、特殊附件：位号P1004A/B贫甲醇泵配强制润滑油系统，轴承X、Y方向各有一个振动测点共4个测点配一体化振动变送器，滑动轴承采用单点双支测温加就地温度计；位号P1801AB渣浆泵采用泵加虹吸罐结构，若冲洗水压力不够需卖方自带增压泵每台泵配一台；
A14: 9、多工况说明：位号P-7101A/B/C、P-7102A/B、P-7103A/B流量调节范围30~100%/节流，位号P1004A/B流量最大385最小160正常321m³/h；
A15: 10、其它特殊事项：设备与介质接触部分禁止使用含铜、锌、铅等；涂漆面漆颜色为蓝灰色代号PB08；电机需自带不锈钢304调整垫片出厂前应完成和泵的联轴器对中；

Sheet 待定项
A1: 采购单位 | C1: ='选型表'!D3 | F1: 合同待定项 | G1: 合同号 | H1: ='选型表'!E2 | L1: 制式文件，此页无需操作
A2: 计划号 | C2: ='选型表'!J2 | G2: 日期 | H2: ='选型表'!AC5
A3: 待定内容 | F3: 与业务员或看客户沟通日期 | H3: 客户反馈日期 | J3: 备注
A13: 说明：所有待定项，工程人员应于产前评审会结束后，统一以邮件形式发给业务员或客户，客户回复后下发联络单给各部门签收。

Sheet 选型表
C2: 合同号： | E2: =IF('封面'!E7="","",'封面'!E7) | I2: 计划号： | J2: =IF('封面'!E8="","",'封面'!E8)
A3: 采购单位 | D3: =IF('封面'!E11="","",'封面'!E11) | K3: 离心泵选型参数表 | V3: 所属地区 | AB3: 评审人 | AC3: =IF('封面'!H17="","",'封面'!H17) | AI3: 此页即最初要求的选型表
A4: 业主名称 | D4: =IF('封面'!E13="","",'封面'!E13)
A5: 项目名称/装置名称 | D5: =IF('封面'!E9="","",'封面'!E9) | V5: 联 系 人 | AB5: 日 期 | AC5: =IF('封面'!E18="","",'封面'!E18)
A6: 分号 | B6: 出厂编号 | C6: 设备位号 | D6: 设备名称 | E6: 数量 | F6: 介质名称 | G6: 比重 | H6: 温度 (℃) | I6: 汽化 压力 (MPaA) | J6: 粘度 (mm2/s) | K6: 压力(MPaG) | M6: 流量 m3/h | P6: 扬程 m | Q6: 泵型号 | S6: 自吸高度m | T6: 额定 转速 rpm | U6: 效率 % | V6: NPSH (m) | X6: 轴功率 （kw） | Y6: 材质 (代号) | Z6: 密封 冲洗 方案 PLAN | AA6: 冷却 /保温方案 | AB6: 电机型号 | AC6: 功率 （kw） | AD6: 轴承架号 | AE6: MAWP (MPa) | AF6: 水压试验压力 (MPa) | AG6: MAWT (℃)
K7: 入口 | L7: 出口 | M7: Qmin | N7: 正常 | O7: 额定★ | V7: a | W7: r
A8: 001 | C8: P0702A/B/C | D8: 烧嘴冷却水泵 | E8: 3 | F8: 烧嘴冷却水 | N8: 60/120 | O8: 160 | P8: 350 | V8: 3 | X8: =IFERROR(IF(OR(O8="",P8="",G8="",U8="",U8=0),"",O8*P8*G8/367.2/U8*100),"") | Y8: S-6 | Z8: PLAN11
A9: 002 | C9: P0703A1/A2/B1/B2/C1/C2/D1/D2 | D9: 锁斗循环泵OH2 | E9: 8 | N9: 49.2/98.4 | O9: 118.1 | P9: 40 | V9: 5 | X9: =IFERROR(IF(OR(O9="",P9="",G9="",U9="",U9=0),"",O9*P9*G9/367.2/U9*100),"") | Z9: P32
A10: 003 | C10: P0704A1/A2/B1/B2/C1/C2/D1/D2 | D10: 渣池泵OH2 | E10: 8 | O10: 129.9 | P10: 45 | V10: 4 | X10: =IFERROR(IF(OR(O10="",P10="",G10="",U10="",U10=0),"",O10*P10*G10/367.2/U10*100),"") | Z10: P32
A11: 004 | C11: P0705A1/A2/B1/B2/C1/C2/D1/D2 | D11: 黑水循环泵 | E11: 8 | N11: 766 | O11: 957.5 | P11: 145 | V11: 5 | X11: =IFERROR(IF(OR(O11="",P11="",G11="",U11="",U11=0),"",O11*P11*G11/367.2/U11*100),"") | Z11: P32
A12: 005 | C12: P0706A/B/C/D | D12: 预热水泵OH2 | E12: 4 | N12: 90/180 | O12: 200 | P12: 105 | V12: 2.5 | X12: =IFERROR(IF(OR(O12="",P12="",G12="",U12="",U12=0),"",O12*P12*G12/367.2/U12*100),"") | Z12: P32
A13: 006 | C13: P0801A1/A2/B1/B2/C1/C2/D1/D2 | D13: 一级高温热水泵BB3 | E13: 8 | N13: 185.7/371.4 | O13: 446 | P13: 693 | V13: 5 | X13: =IFERROR(IF(OR(O13="",P13="",G13="",U13="",U13=0),"",O13*P13*G13/367.2/U13*100),"") | Y13: C-6 | Z13: P32
A14: 007 | C14: P0802A1/A2/B1/B2/C1/C2/D1/D2 | D14: 二级高温热水泵 | E14: 8 | F14: H2O:99.5%；灰渣：0.5% | G14: 0.9282 | H14: 137.6 | I14: 0.34 | J14: 0.1975 | K14: 0.39 | L14: 1.8 | N14: 157.6/315.2 | O14: 378 | P14: 155 | V14: 4 | X14: =IFERROR(IF(OR(O14="",P14="",G14="",U14="",U14=0),"",O14*P14*G14/367.2/U14*100),"") | Z14: PLAN 32 | AB14: YBX5
A15: 008 | C15: P0804A12/B12/C12 | X15: =IFERROR(IF(OR(O15="",P15="",G15="",U15="",U15=0),"",O15*P15*G15/367.2/U15*100),"")
A16: 009 | C16: P0805A/B/C | D16: 低压灰水泵OH2 | E16: 3 | N16: 200.5/401 | O16: 481.1 | P16: 120 | V16: 4 | X16: =IFERROR(IF(OR(O16="",P16="",G16="",U16="",U16=0),"",O16*P16*G16/367.2/U16*100),"") | Z16: P32
A17: 010 | C17: P0811A/B/C | E17: 3 | X17: =IFERROR(IF(OR(O17="",P17="",G17="",U17="",U17=0),"",O17*P17*G17/367.2/U17*100),"")
A18: 011 | C18: P1004AB | D18: 贫甲醇泵 | E18: 2 | F18: H2O:0.5mol%；CH3OH：99.49mol%;H2S：微量 | G18: 0.777 | H18: 37.93 | I18: 0.03 | J18: 0.459 | K18: 0.04 | L18: 7.89 | N18: 160/321 | O18: 385 | P18: 1030 | V18: 8 | X18: =IFERROR(IF(OR(O18="",P18="",G18="",U18="",U18=0),"",O18*P18*G18/367.2/U18*100),"") | Y18: S-6 | Z18: PLAN 11+52 | AB18: YBX3
A19: 012 | C19: P1801AB | D19: 渣浆泵（自吸泵） | E19: 2 | G19: 1.2 | N19: 70 | O19: 80 | P19: 70 | S19: 7 | V19: 1.5 | X19: =IFERROR(IF(OR(O19="",P19="",G19="",U19="",U19=0),"",O19*P19*G19/367.2/U19*100),"") | Z19: P32
A20: 013 | C20: P-7101A/B/C | D20: 热密封水泵 | E20: 3 | F20: 除氧水 | G20: 0.933 | H20: 132 | I20: 0.288 | J20: 0.21 | K20: 0.25 | L20: 8.3 | N20: 61 | O20: 85 | P20: 890 | V20: 7 | X20: =IFERROR(IF(OR(O20="",P20="",G20="",U20="",U20=0),"",O20*P20*G20/367.2/U20*100),"") | Y20: C-6 | Z20: PLAN23 | AA20: K
A21: 014 | C21: P-7102A/B | D21: 中压锅炉给水泵 | E21: 2 | F21: 除氧水 | G21: 0.933 | H21: 132 | I21: 0.288 | J21: 0.21 | K21: 0.25 | L21: 5.2 | N21: 123 | O21: 160 | P21: 550 | V21: 7 | X21: =IFERROR(IF(OR(O21="",P21="",G21="",U21="",U21=0),"",O21*P21*G21/367.2/U21*100),"") | Y21: C-6 | Z21: PLAN23 | AA21: K
A22: 015 | C22: P-7103A/B | D22: 低压锅炉给水泵 | E22: 2 | F22: 除氧水 | G22: 0.933 | H22: 132 | I22: 0.288 | J22: 0.21 | K22: 0.25 | L22: 2 | N22: 141 | O22: 180 | P22: 205 | V22: 7 | X22: =IFERROR(IF(OR(O22="",P22="",G22="",U22="",U22=0),"",O22*P22*G22/367.2/U22*100),"") | Y22: C-6 | Z22: PLAN23 | AA22: K+密封函体
D23: 总计 | E23: =SUM(E8:E22) -> 64
A24: 注意： | C24: 1、流量、扬程有多点时“★”标注对应额定点。 2、本《排产通知书》除“排产说明”和“供货范围”外，其他所有表格禁止合并、删除、增加、修改题目内容(除本页有粘度换算时应插入行，并在流量、扬程、效率对应列处填写清水数据外。)！3.自吸泵要标明自吸高度（提前与用户沟通好启动液位距离泵入口中心线的垂直距离） 4.水压试验压力为铭牌参数，非厂内执行参数。

Sheet 泵结构要求及执行标准
A1: 计划号 | C1: =IF('选型表'!J2="","",'选型表'!J2)
A2: 采购单位 | C2: =IF('选型表'!D3="","",'选型表'!D3) | I2: 泵结构要求及执行标准 | P2: 所属地区 | Q2: =IF('选型表'!Y3="","",'选型表'!Y3) | S2: 填 表 人 | T2: =IF('选型表'!AC3="","",'选型表'!AC3)
A3: 项目名称/ 装置名称 | C3: =IF('选型表'!D5="","",'选型表'!D5) | P3: 联 系 人 | Q3: =IF('选型表'!Y5="","",'选型表'!Y5) | S3: 日 期 | T3: =IF('选型表'!AC5="","",'选型表'!AC5) | W3: 此页结构要求
A4: 由工程部填写
A5: 分号 | B5: 设备位号 | C5: 泵 型 号 | E5: 泵台数 | F5: 泵旋向（从电机端看泵） | G5: 体盖垫片材质 | H5: OH2泵 | K5: 泵体保温方式 | L5: 节流孔板要求 | M5: 轴承箱材质 | N5: 轴承箱密封形式 | O5: 轴承箱其他要求 | P5: 轴承润滑形式 | Q5: 密封冲洗管路、管件材质 | R5: 法兰垫片材质 | S5: 是否执行API682腔体 | T5: 冷却水管路材质 | U5: 备注
H6: 泵体执行标准 | I6: 泵盖执行标准 | J6: 轴承箱要求
A7: =IF('选型表'!A8="","",'选型表'!A8) -> 001 | B7: =IF('选型表'!C8="","",'选型表'!C8) -> P0702A/B/C | C7: =IF('选型表'!Q8="","",'选型表'!Q8) | D7: =IF('选型表'!R8="","",'选型表'!R8) | E7: =IF('选型表'!E8="","",'选型表'!E8) -> 3 | G7: 金属缠绕垫 | L7: 节流孔板 | P7: 油浴润滑 | Q7: 304 | R7: 缠绕垫
A8: =IF('选型表'!A9="","",'选型表'!A9) -> 002 | B8: =IF('选型表'!C9="","",'选型表'!C9) -> P0703A1/A2/B1/B2/C1/C2/D1/D2 | C8: =IF('选型表'!Q9="","",'选型表'!Q9) | D8: =IF('选型表'!R9="","",'选型表'!R9) | E8: =IF('选型表'!E9="","",'选型表'!E9) -> 8 | G8: 金属缠绕垫 | L8: 无要求 | P8: 油浴润滑 | Q8: 304 | R8: 缠绕垫
A9: =IF('选型表'!A10="","",'选型表'!A10) -> 003 | B9: =IF('选型表'!C10="","",'选型表'!C10) -> P0704A1/A2/B1/B2/C1/C2/D1/D2 | C9: =IF('选型表'!Q10="","",'选型表'!Q10) | D9: =IF('选型表'!R10="","",'选型表'!R10) | E9: =IF('选型表'!E10="","",'选型表'!E10) -> 8 | G9: 金属缠绕垫 | L9: 无要求 | P9: 油浴润滑 | Q9: 304 | R9: 缠绕垫
A10: =IF('选型表'!A11="","",'选型表'!A11) -> 004 | B10: =IF('选型表'!C11="","",'选型表'!C11) -> P0705A1/A2/B1/B2/C1/C2/D1/D2 | C10: =IF('选型表'!Q11="","",'选型表'!Q11) | D10: =IF('选型表'!R11="","",'选型表'!R11) | E10: =IF('选型表'!E11="","",'选型表'!E11) -> 8 | G10: 金属缠绕垫 | L10: 无要求 | P10: 油浴润滑 | Q10: 304 | R10: 缠绕垫
A11: =IF('选型表'!A12="","",'选型表'!A12) -> 005 | B11: =IF('选型表'!C12="","",'选型表'!C12) -> P0706A/B/C/D | C11: =IF('选型表'!Q12="","",'选型表'!Q12) | D11: =IF('选型表'!R12="","",'选型表'!R12) | E11: =IF('选型表'!E12="","",'选型表'!E12) -> 4 | G11: 金属缠绕垫 | L11: 无要求 | P11: 油浴润滑 | Q11: 304 | R11: 缠绕垫
A12: =IF('选型表'!A13="","",'选型表'!A13) -> 006 | B12: =IF('选型表'!C13="","",'选型表'!C13) -> P0801A1/A2/B1/B2/C1/C2/D1/D2 | C12: =IF('选型表'!Q13="","",'选型表'!Q13) | D12: =IF('选型表'!R13="","",'选型表'!R13) | E12: =IF('选型表'!E13="","",'选型表'!E13) -> 8 | G12: 金属缠绕垫 | L12: 无要求 | P12: 油浴润滑 | Q12: 304 | R12: 缠绕垫 | U12: 每个机封单独设计机封水流量计；泵转子设置4个测振点，采用壳振，测振带变送器
A13: =IF('选型表'!A14="","",'选型表'!A14) -> 007 | B13: =IF('选型表'!C14="","",'选型表'!C14) -> P0802A1/A2/B1/B2/C1/C2/D1/D2 | C13: =IF('选型表'!Q14="","",'选型表'!Q14) | D13: =IF('选型表'!R14="","",'选型表'!R14) | E13: =IF('选型表'!E14="","",'选型表'!E14) -> 8 | G13: 金属缠绕垫 | J13: 不带支脚 | L13: 无要求 | P13: 油浴润滑 | Q13: 304 | R13: 缠绕垫
A14: =IF('选型表'!A15="","",'选型表'!A15) -> 008 | B14: =IF('选型表'!C15="","",'选型表'!C15) -> P0804A12/B12/C12 | C14: =IF('选型表'!Q15="","",'选型表'!Q15) | D14: =IF('选型表'!R15="","",'选型表'!R15) | E14: =IF('选型表'!E15="","",'选型表'!E15) | G14: 金属缠绕垫 | L14: 无要求 | P14: 油浴润滑 | Q14: 304 | R14: 缠绕垫
A15: =IF('选型表'!A16="","",'选型表'!A16) -> 009 | B15: =IF('选型表'!C16="","",'选型表'!C16) -> P0805A/B/C | C15: =IF('选型表'!Q16="","",'选型表'!Q16) | D15: =IF('选型表'!R16="","",'选型表'!R16) | E15: =IF('选型表'!E16="","",'选型表'!E16) -> 3 | G15: 金属缠绕垫 | L15: 无要求 | P15: 油浴润滑 | Q15: 304 | R15: 缠绕垫
A16: =IF('选型表'!A17="","",'选型表'!A17) -> 010 | B16: =IF('选型表'!C17="","",'选型表'!C17) -> P0811A/B/C | C16: =IF('选型表'!Q17="","",'选型表'!Q17) | D16: =IF('选型表'!R17="","",'选型表'!R17) | E16: =IF('选型表'!E17="","",'选型表'!E17) -> 3 | G16: 金属缠绕垫 | L16: 节流孔板 | P16: 油浴润滑 | Q16: 304 | R16: 缠绕垫
A17: =IF('选型表'!A18="","",'选型表'!A18) -> 011 | B17: =IF('选型表'!C18="","",'选型表'!C18) -> P1004AB | C17: =IF('选型表'!Q18="","",'选型表'!Q18) | D17: =IF('选型表'!R18="","",'选型表'!R18) | E17: =IF('选型表'!E18="","",'选型表'!E18) -> 2 | G17: 金属缠绕垫 | L17: 节流孔板 | P17: 油浴润滑 | Q17: 304 | R17: 缠绕垫 | T17: 304
A18: =IF('选型表'!A19="","",'选型表'!A19) -> 012 | B18: =IF('选型表'!C19="","",'选型表'!C19) -> P1801AB | C18: =IF('选型表'!Q19="","",'选型表'!Q19) | D18: =IF('选型表'!R19="","",'选型表'!R19) | E18: =IF('选型表'!E19="","",'选型表'!E19) -> 2 | G18: 金属缠绕垫 | L18: 无要求 | P18: 油浴润滑 | Q18: 304 | R18: 缠绕垫 | U18: 渣浆泵机封冲洗水采用新鲜水，压力0.4MPa。若压力不够，需卖方自带增压泵，每台泵配一台。
A19: =IF('选型表'!A20="","",'选型表'!A20) -> 013 | B19: =IF('选型表'!C20="","",'选型表'!C20) -> P-7101A/B/C | C19: =IF('选型表'!Q20="","",'选型表'!Q20) | D19: =IF('选型表'!R20="","",'选型表'!R20) | E19: =IF('选型表'!E20="","",'选型表'!E20) -> 3 | G19: 金属缠绕垫 | L19: 无要求 | P19: 油浴润滑 | Q19: 304 | R19: 缠绕垫 | T19: 304
A20: =IF('选型表'!A21="","",'选型表'!A21) -> 014 | B20: =IF('选型表'!C21="","",'选型表'!C21) -> P-7102A/B | C20: =IF('选型表'!Q21="","",'选型表'!Q21) | D20: =IF('选型表'!R21="","",'选型表'!R21) | E20: =IF('选型表'!E21="","",'选型表'!E21) -> 2 | G20: 金属缠绕垫 | L20: 无要求 | P20: 油浴润滑 | Q20: 304 | R20: 缠绕垫 | T20: 304 | U20: 机械密封为集装式；联轴器应选用带加长节的膜片型联轴器，护罩应为无火花型
A21: =IF('选型表'!A22="","",'选型表'!A22) -> 015 | B21: =IF('选型表'!C22="","",'选型表'!C22) -> P-7103A/B | C21: =IF('选型表'!Q22="","",'选型表'!Q22) | D21: =IF('选型表'!R22="","",'选型表'!R22) | E21: =IF('选型表'!E22="","",'选型表'!E22) -> 2 | G21: 金属缠绕垫 | L21: 无要求 | P21: 油浴润滑 | Q21: 304 | R21: 缠绕垫 | T21: 304 | U21: 机械密封为集装式；联轴器选用带加长节的膜片型，护罩为无火花型

Sheet 通用要求
A1: 通用要求： | D1: 合同号： | E1: =IF('选型表'!E2="","",'选型表'!E2) | F1: 采购单位： | G1: =IF('选型表'!D3="","",'选型表'!D3) | L1: 评审人： | M1: =IF('选型表'!AC3="","",'选型表'!AC3) | N1: 日期： | O1: =IF('选型表'!AC5="","",'选型表'!AC5) | Q1: 此页要求查询涂黄处信息
A2: 序号 | B2: 项目 | C2: 要 求
A3: 1 | B3: 轴承 | C3: 轴承供应商： | D3: 滚动： ●SKF 欧洲 ●FAG 欧洲 | J3: 备注：进口SKF或FAG标准形式轴承；正常使用寿命不小于30000h（P1004）/25000h（通用）；驱动端推力轴承建议采用成对单列角接触轴承
A4: 2 | B4: 联轴器、联轴器罩 | C4: 联轴器供应商： | D4: ●无锡创明 ●沈阳申克 | J4: 备注
C5: 联轴器型式： | D5: ●挠性膜片 ●加长段
C6: 联轴器罩型式： | D6: ○无要求 ●全封闭 | J6: 备注：无火花型；带盘车天窗；带金属骨架；厚度不低于3mm；采用合页+卡扣结构（或合页或转销结构）；刷2遍中黄色面漆
A7: 3 | B7: 电机 | C7: 电机供应商： | J7: 备注：
A8: 4 | B8: 密封 | C8: （国产）供应商： | D8: ●四川日机 ●丹东克隆 | J8: 备注： 详见《密封采购单》
C9: （进口）供应商： | D9: ●约翰克兰（天津）
B10: 辅助系统 | C10: （国产）供应商： | J10: 备注：
C11: （进口）供应商：
A12: 5 | B12: 底座 | C12: 型式： | D12: ○焊 接 | J12: 备注
C13: 执行标准： | D13: ○非全集液 ●全集液
A14: 6 | B14: 检查及 试验 | C14: 性能实验： | D14: ○提交报告（R点) ●买方见证（W点） | J14: 备注
C15: 运转实验： | D15: ○提交报告（R点) ●买方见证（W点） | J15: 备注
C16: 汽蚀实验： | D16: ○提交报告（R点) ●买方见证（W点） ○无要求 | J16: 备注
C17: 水压实验： | D17: ●提交报告（R点) ○买方见证（W点） ○“H”——停工待检点 | J17: 备注
C18: 平衡实验： | D18: ●提交报告（R点) ○买方见证（W点） ○“H”——停工待检点 | J18: 备注
C19: 拆解检查： | D19: ○非目睹 ○买方见证（W点） ○无要求 | J19: 备注：
C20: 噪声要求： | D20: 按GB/T29529-2013进行噪声检测：在离机器侧面1米处的声压值应符合JB/T8098 最新标准的规定。
C21: 振动要求： | D21: 按GB/T29531-2013进行振动检测
C22: 轴承温升：
C23: 材料证明书：○要求（体/盖/轮、轴） 材料力学报告：○要求（体/盖/轮、轴） 硬度报告：○要求（口环 ） 热处理报告：○要求（体/盖/轮、轴）
C24: 铸件的无损检查： | D24: ○着色探伤PT（体/盖/轮） ○超声波探伤UT（轴） 备注：
C25: 焊缝的无损检查： | D25: ○着色探伤PT（排液 ） 备注：
C26: 备注：所有报告及证书必须填写本合同号及具体零部件名称（如：泵体、泵盖、叶轮、轴等）；
A27: 7 | B27: 供货范围 | C27: ●整 机 ●泵 头 ●底 座 ●驱动机 ●联轴器 ●护罩 ○（所有）配对法兰（○锻 ○铸 ○法兰间密封垫 ○双头螺柱、螺母、平垫） ●地脚螺栓、螺母、垫片(电机垫片为3mm厚不锈钢） 其他供货件具体明细：○安全阀（最小流量阀） ○接线箱 ●测振 ●测温仪表 ○操作柱等详细列出； 其他供货件具体明细补充：润滑油系统；暖泵管路系统；放空及排净；轴封管路系统；冷却和冲洗管路系统；机械密封；机械密封附件；冷却水切断总阀；进出口压力表及根部阀；电缆进线密封接头；低点排放设施（包括接管、盲法兰、阀门、垫片、螺栓等）；撬装内所有管道及仪表（包括接线盒）；安装和维修用专用工具
C28: 随机备件： | D28: 集装式机械密封100%台套、膜片及螺栓螺母组件50%台套、泵轴承50%台套、电机轴承/轴瓦1台套/位号、泵用轴承隔离气器（或油封）50%台套、电机油封1台套/位号、泵体及叶轮口环100%台套、轴套100%台套、泵体用成套密封圈及垫片（含机封用）100%台套、叶轮背母及垫片50%台套、油过滤器滤芯及密封件O型圈100%台套、油雾风机滤芯100%台套、油冷器密封组件100%台套、油泵机封50%台套、油泵轴承50%台套、油过滤器滤芯100%台套、联轴器拆卸工装1套/型号泵；泵用垫片及O型圈200%、机封动静环及机封成套密封件100%；仪表类：各类仪表垫片每种规格备10%，铠装轴温每种规格备10%，埋入式测轴温铂热电阻每种规格备50%，振动探头每种规格备50%，漏液开关每种规格备10%
C29: 两年备件： | D29: 各类变送器（含温度、压力、压差、液位、流量等）、开关，按每规格10%比例备，不足一台按一台；各类系统温度，按每规格一支备，各种垫片一备一；各类压力表，每规格备一块；各类导压管切断阀、管件，按每规格备3个，实际使用数量≤10个时，备一个；24VDC电磁阀（如有），按10%比例备，不足一只按一只；显示屏（含程序），总共备一块
A30: 8 | B30: 随机文件 | C30: ○装箱单 ●合格证 ●说明书 ●实验报告 ●检测报告 ○所有外购件合格证（包括温度表、压力表、阀门等进口件例外） ○项目经理审核 （重点项目） 备注：设备竣工资料的形式：每台设备竣工资料单独装订成册，提供6份。竣工资料要单独装箱。所有文件及图纸要用中文书写。
A31: 9 | B31: 涂漆要求 | C31: ●防腐漆-F（F1-国内 ）
A32: 10 | B32: 包装标准 | C32: ●国内 ○国外（是否熏蒸） ○简易（底排+防雨布） | J32: 其他要求
A33: 11 | B33: 发货方式 | C33: ○用户自提 ○我公司发货
A34: 12 | B34: 运输方式 | C34: ○铁路 ○公路 ○轮渡 ○航空 | J34: 备注：当使用集装箱运输时，一定注意其高度、宽度限制，必须预留装箱尺寸。

Sheet 仪表要求
A3: 计划号 | C3: =IF('选型表'!J2="","",'选型表'!J2) | R3: 此页要求查询涂黄处仪表信息
A4: 仪表用户要求
A5: 序号 | B5: 外购件种类 | C5: 品牌 | D5: 材质（客户有要求时填写） | E5: 螺纹连接/法兰连接（客户有要求时填写） | F5: 接口规格（客户有要求时填写） | G5: 量程（客户有要求时填写） | H5: 仪表类 | Q5: 备注
H6: 就地显示仪表 | L6: 远传仪表
H7: 表盘直径mm | I7: 仪表精度等级 | J7: 双金属温度计（客户有要求时填写） | K7: 万向/径向（客户有要求时填写） | L7: 几线制 | M7: 信号类型 | N7: 防爆/防护等级 | O7: 显示表头 | P7: 报警值/停车值
A8: 1 | B8: 耐震型压力表 | C8: 北京布莱迪、威卡 | D8: ANSI304SS | E8: 螺纹 | F8: M20×1.5 | H8: 100 | I8: 1.6
A9: 2 | B9: 温度表 | C9: 北京布莱迪、威卡 | H9: 100 | I9: 1.0 | J9: 防振抽芯式双金属温度计 | K9: 万向
A10: 3 | B10: PT100 | C10: ABB、罗斯蒙特 | L10: 3 | M10: 4~20mA | N10: IP65
A11: 4 | B11: 远传仪表 | C11: 罗斯蒙特、横河川仪 | D11: ANSI316SS | E11: 螺纹 | F11: 1/2 NPT | L11: 2 | M11: 4~20mA+HART | N11: IP65 | O11: 带就地液晶显示表头
A12: 5、仪表资料要求、认证要求：投标方应提供仪表、设计手册、安装手册和技术图纸，包括但不限于下述资料：·仪表目录·仪表通用规范·仪表索引·仪表数据表包括位号、模块号、测量范围、制造商、工艺参数、过程连接尺寸、电气连接尺寸、安装位置、数量、材质和特殊要求等。·限流孔板和控制阀选型计算书·仪表安装材料一览表·报警和联锁一览表·联锁逻辑图·仪表回路图·仪表连接图·复杂调节回路功能图·仪表接线箱接线图·电缆表·仪表安装图·仪表位置图·测点I/O 表
A13: 6.海拔高度/大气压，环境温度，使用环境

Sheet 辅助系统采购单
A1: 供应商： | K1: 合同号： | S1: 询价/采购申请单号：
A2: 采购单位 | K2: 辅助系统询价/采购申请单 P-01.03-P | S2: 所属地区 | W2: 填表人 | AB2: 此页要求查询涂黄处密封辅助系统信息
A3: 项目名称/ 装置名称 | S3: 联 系 人 | W3: 日 期
A4: 由技术/工程部填写 | U4: 由供应商填写（按先后顺序以/分割） | Z4: 由供应填写
A5: 分号 | B5: 设备位号 | C5: 泵 型 号 | E5: 泵台数 | F5: 介质名称 | G5: =IF('选型表'!G6="","",'选型表'!G6) -> 比重 | H5: 温度(℃) | I5: =IF('选型表'!K6="","",'选型表'!K6) -> 压力(MPaG) | K5: 密封冲洗方案 (API610) | L5: 冷却 /保温方案 | M5: 泵过流部件材质 | N5: 密封腔压力(MpaG)/泵中心高（mm） | O5: 辅助系统供货要求 | U5: 辅助系统 | Z5: 实际交货日期 | AA5: 发票情况
I7: 入口 | J7: 出口 | O7: 热虹吸罐(R/L型)/蓄能器 | P7: 测量 元件 | Q7: 压力报警 | R7: 液位报警 | S7: 换热器 | T7: 悬液分离器/过滤器 | U7: 型号 | V7: 材质 | W7: 单价 | X7: 总价 | Y7: 合计
A8: =IF('选型表'!A18="","",'选型表'!A18) -> 011 | B8: =IF('选型表'!C18="","",'选型表'!C18) -> P1004AB | C8: =IF('选型表'!Q18="","",'选型表'!Q18) | D8: =IF('选型表'!R18="","",'选型表'!R18) | E8: =IF('选型表'!E18="","",'选型表'!E18) -> 2 | F8: =IF('选型表'!F18="","",'选型表'!F18) -> H2O:0.5mol%；CH3OH：99.49mol%;H2S：微量 | G8: =IF('选型表'!G18="","",'选型表'!G18) -> 0.777 | H8: =IF('选型表'!H18="","",'选型表'!H18) -> 37.93 | I8: =IF('选型表'!K18="","",'选型表'!K18) -> 0.04 | J8: =IF('选型表'!L18="","",'选型表'!L18) -> 7.89 | K8: =IF('选型表'!Z18="","",'选型表'!Z18) -> PLAN 11+52 | L8: =IF('选型表'!AA18="","",'选型表'!AA18) | M8: =IF('选型表'!Y18="","",'选型表'!Y18) -> S-6 | N8: =IFERROR(IF(OR(I8="",J8=""),"",CEILING(I8+(J8-I8)/5,0.01)&"/300"),"")
A9: =IF('选型表'!A20="","",'选型表'!A20) -> 013 | B9: =IF('选型表'!C20="","",'选型表'!C20) -> P-7101A/B/C | C9: =IF('选型表'!Q20="","",'选型表'!Q20) | D9: =IF('选型表'!R20="","",'选型表'!R20) | E9: =IF('选型表'!E20="","",'选型表'!E20) -> 3 | F9: =IF('选型表'!F20="","",'选型表'!F20) -> 除氧水 | G9: =IF('选型表'!G20="","",'选型表'!G20) -> 0.933 | H9: =IF('选型表'!H20="","",'选型表'!H20) -> 132 | I9: =IF('选型表'!K20="","",'选型表'!K20) -> 0.25 | J9: =IF('选型表'!L20="","",'选型表'!L20) -> 8.3 | K9: =IF('选型表'!Z20="","",'选型表'!Z20) -> PLAN23 | L9: =IF('选型表'!AA20="","",'选型表'!AA20) -> K | M9: =IF('选型表'!Y20="","",'选型表'!Y20) -> C-6 | N9: =IFERROR(IF(OR(I9="",J9=""),"",CEILING(I9+(J9-I9)/5,0.01)&"/300"),"")
A10: =IF('选型表'!A21="","",'选型表'!A21) -> 014 | B10: =IF('选型表'!C21="","",'选型表'!C21) -> P-7102A/B | C10: =IF('选型表'!Q21="","",'选型表'!Q21) | D10: =IF('选型表'!R21="","",'选型表'!R21) | E10: =IF('选型表'!E21="","",'选型表'!E21) -> 2 | F10: =IF('选型表'!F21="","",'选型表'!F21) -> 除氧水 | G10: =IF('选型表'!G21="","",'选型表'!G21) -> 0.933 | H10: =IF('选型表'!H21="","",'选型表'!H21) -> 132 | I10: =IF('选型表'!K21="","",'选型表'!K21) -> 0.25 | J10: =IF('选型表'!L21="","",'选型表'!L21) -> 5.2 | K10: =IF('选型表'!Z21="","",'选型表'!Z21) -> PLAN23 | L10: =IF('选型表'!AA21="","",'选型表'!AA21) -> K | M10: =IF('选型表'!Y21="","",'选型表'!Y21) -> C-6 | N10: =IFERROR(IF(OR(I10="",J10=""),"",CEILING(I10+(J10-I10)/5,0.01)&"/300"),"")
A11: =IF('选型表'!A22="","",'选型表'!A22) -> 015 | B11: =IF('选型表'!C22="","",'选型表'!C22) -> P-7103A/B | C11: =IF('选型表'!Q22="","",'选型表'!Q22) | D11: =IF('选型表'!R22="","",'选型表'!R22) | E11: =IF('选型表'!E22="","",'选型表'!E22) -> 2 | F11: =IF('选型表'!F22="","",'选型表'!F22) -> 除氧水 | G11: =IF('选型表'!G22="","",'选型表'!G22) -> 0.933 | H11: =IF('选型表'!H22="","",'选型表'!H22) -> 132 | I11: =IF('选型表'!K22="","",'选型表'!K22) -> 0.25 | J11: =IF('选型表'!L22="","",'选型表'!L22) -> 2 | K11: =IF('选型表'!Z22="","",'选型表'!Z22) -> PLAN23 | L11: =IF('选型表'!AA22="","",'选型表'!AA22) -> K+密封函体 | M11: =IF('选型表'!Y22="","",'选型表'!Y22) -> C-6 | N11: =IFERROR(IF(OR(I11="",J11=""),"",CEILING(I11+(J11-I11)/5,0.01)&"/300"),"")
D16: 总计 | E16: =SUM(E8:E11) -> 9
A18: 此表（及其附件）经供需双方签字盖章确认后与合同具有同等法律效力，可以不再另行签订合同。 | I18: 交货时间： | N18: 其它约定事项： 1、机封冲洗系统部件如各种监测仪表、过滤装置等严格按照API682要求配置，买方只提供公用工程接口 2、机封冲洗方案所需密封水压力和密封气压力与数据表所提供压力不符，自备调整阀门 3、所有需要外部引入机封水的机泵都要配置机封水就地流量计 4、P53机封方案参照API682和GB150标准进行设计制造，密封罐各管口采用焊接和法兰连接（采用不锈钢D金属缠绕垫片），不采用螺纹连接，远传仪表采用压力变送器和液位变送器，变送器供货至仪表自带接线盒，P53方案的密封罐设置加液漏斗并设置排气口，P53A方案带手动补液泵 5、P62方案入口配备手阀、止回阀、过滤器、压力表，出口配手阀 6、P32方案需按API682要求配置开关阀、单向阀、过滤器、就地流量计、调节阀、压力表、温度表等部件，这些部件均采用法兰接口并组装好，与买方接口为法兰连接，法兰标准HG20615-2009，密封水管线及部件材质不低于304 7、PLAN52/23机封方案所用密封液灌参照API682和GB150进行设计制造，密封罐各管口采用焊接和法兰连接（采用不锈钢金属缠绕垫片），尽量不采用螺纹连接，撬内各管口法兰口交货之前均要紧固完成，远传仪表采用压力变送器和液位变送器 8、密封管线及系统上的阀门均采用法兰球阀，但不得采用分体式球阀 9、机封方案中的密封罐、换热器及配管等由机封厂家配套，不允许泵厂自制 10、和密封液接触管路、管件及整个密封液罐均采用316L材质，密封罐的换热管等材质采用316L材质，水走管程 11、需外接水、气、液、电等公用工程的密封系统和买方以法兰连接，管路中不允许管路煨弯现象 12、仪表选型按附件4要求，所有供货仪表电气接口、气路接口必须有效封堵，确保运输、保存过程中不得进水 13、高温热水泵位号P0801每个机封单独设计机封水流量计 14、渣浆泵机封冲洗水采用新鲜水，压力0.4MPa，若压力不够需卖方自带增压泵，每台泵配一台
A20: 需方代表： | I20: 供方代表：
A21: 生产部： 采购部： 质量： 技术：

Sheet 密封采购单
A1: 供应商： | C1: 四川日机；约翰克兰（天津）；丹东克隆 | I1: 合同号： | K1: =IF('选型表'!E2="","",'选型表'!E2) | M1: 询价/采购申请单号： | AD1: 此页要求查询涂黄处机械密封信息
A2: 采购单位 | C2: =IF('选型表'!D3="","",'选型表'!D3) | L2: 密封询价/采购申请单 | V2: 所属地区 | W2: =IF('选型表'!Y3="","",'选型表'!Y3) | Y2: 填 表 人 | AB2: =IF('选型表'!AC3="","",'选型表'!AC3)
A3: 项目名称/ 装置名称 | C3: =IF('选型表'!D5="","",'选型表'!D5) | V3: 联 系 人 | W3: =IF('选型表'!Y5="","",'选型表'!Y5) | Y3: 日 期 | AB3: =IF('选型表'!AC5="","",'选型表'!AC5)
A4: 由技术/工程部填写 | W4: 由密封供应商填写 | AB4: 供应填写
A5: 分号 | B5: 设备位号 | C5: 泵 型 号 | E5: 泵台数 | F5: 介质 | O5: 密封参考 型号（轴承架号或轴径） | P5: 密封 编码 (API610) | Q5: 是否 集装 | R5: 过流部件材质 | S5: 密封冲洗 方案 PLAN | T5: 冷却 /保温方案 | U5: 甲方编码 | V5: 备 件 | W5: 机械密封 | AB5: 实际到货日期 | AC5: 发票 情况
F6: 介质名称 | G6: =IF('选型表'!G6="","",'选型表'!G6) -> 比重 | H6: 温度 ℃ | I6: =IF('选型表'!K6="","",'选型表'!K6) -> 压力(MPaG) | K6: =IF('选型表'!J6="","",'选型表'!J6) -> 粘度 (mm2/s) | L6: =IF('选型表'!I6="","",'选型表'!I6) -> 汽化 压力 (MPaA) | M6: =IF('选型表'!T6="","",'选型表'!T6) -> 额定 转速 rpm | N6: 颗粒 情况 | W6: 型号 | X6: 密封编码 （API610） | Y6: 单价 | AA6: 总价
I7: 入口 | J7: 出口
A8: =IF('选型表'!A8="","",'选型表'!A8) -> 001 | B8: =IF('选型表'!C8="","",'选型表'!C8) -> P0702A/B/C | C8: =IF('选型表'!Q8="","",'选型表'!Q8) | D8: =IF('选型表'!R8="","",'选型表'!R8) | E8: =IF('选型表'!E8="","",'选型表'!E8) -> 3 | F8: =IF('选型表'!F8="","",'选型表'!F8) -> 烧嘴冷却水 | G8: =IF('选型表'!G8="","",'选型表'!G8) | H8: =IF('选型表'!H8="","",'选型表'!H8) | I8: =IF('选型表'!K8="","",'选型表'!K8) | J8: =IF('选型表'!L8="","",'选型表'!L8) | K8: =IF('选型表'!J8="","",'选型表'!J8) | L8: =IF('选型表'!I8="","",'选型表'!I8) | M8: =IF('选型表'!T8="","",'选型表'!T8) | R8: =IF('选型表'!Y8="","",'选型表'!Y8) -> S-6 | S8: =IF('选型表'!Z8="","",'选型表'!Z8) -> PLAN11 | T8: =IF('选型表'!AA8="","",'选型表'!AA8) | V8: 集装式机械密封 100%
A9: =IF('选型表'!A9="","",'选型表'!A9) -> 002 | B9: =IF('选型表'!C9="","",'选型表'!C9) -> P0703A1/A2/B1/B2/C1/C2/D1/D2 | C9: =IF('选型表'!Q9="","",'选型表'!Q9) | D9: =IF('选型表'!R9="","",'选型表'!R9) | E9: =IF('选型表'!E9="","",'选型表'!E9) -> 8 | F9: =IF('选型表'!F9="","",'选型表'!F9) | G9: =IF('选型表'!G9="","",'选型表'!G9) | H9: =IF('选型表'!H9="","",'选型表'!H9) | I9: =IF('选型表'!K9="","",'选型表'!K9) | J9: =IF('选型表'!L9="","",'选型表'!L9) | K9: =IF('选型表'!J9="","",'选型表'!J9) | L9: =IF('选型表'!I9="","",'选型表'!I9) | M9: =IF('选型表'!T9="","",'选型表'!T9) | R9: =IF('选型表'!Y9="","",'选型表'!Y9) | S9: =IF('选型表'!Z9="","",'选型表'!Z9) -> P32 | T9: =IF('选型表'!AA9="","",'选型表'!AA9) | V9: 集装式机械密封 100%
A10: =IF('选型表'!A10="","",'选型表'!A10) -> 003 | B10: =IF('选型表'!C10="","",'选型表'!C10) -> P0704A1/A2/B1/B2/C1/C2/D1/D2 | C10: =IF('选型表'!Q10="","",'选型表'!Q10) | D10: =IF('选型表'!R10="","",'选型表'!R10) | E10: =IF('选型表'!E10="","",'选型表'!E10) -> 8 | F10: =IF('选型表'!F10="","",'选型表'!F10) | G10: =IF('选型表'!G10="","",'选型表'!G10) | H10: =IF('选型表'!H10="","",'选型表'!H10) | I10: =IF('选型表'!K10="","",'选型表'!K10) | J10: =IF('选型表'!L10="","",'选型表'!L10) | K10: =IF('选型表'!J10="","",'选型表'!J10) | L10: =IF('选型表'!I10="","",'选型表'!I10) | M10: =IF('选型表'!T10="","",'选型表'!T10) | R10: =IF('选型表'!Y10="","",'选型表'!Y10) | S10: =IF('选型表'!Z10="","",'选型表'!Z10) -> P32 | T10: =IF('选型表'!AA10="","",'选型表'!AA10) | V10: 集装式机械密封 100%
A11: =IF('选型表'!A11="","",'选型表'!A11) -> 004 | B11: =IF('选型表'!C11="","",'选型表'!C11) -> P0705A1/A2/B1/B2/C1/C2/D1/D2 | C11: =IF('选型表'!Q11="","",'选型表'!Q11) | D11: =IF('选型表'!R11="","",'选型表'!R11) | E11: =IF('选型表'!E11="","",'选型表'!E11) -> 8 | F11: =IF('选型表'!F11="","",'选型表'!F11) | G11: =IF('选型表'!G11="","",'选型表'!G11) | H11: =IF('选型表'!H11="","",'选型表'!H11) | I11: =IF('选型表'!K11="","",'选型表'!K11) | J11: =IF('选型表'!L11="","",'选型表'!L11) | K11: =IF('选型表'!J11="","",'选型表'!J11) | L11: =IF('选型表'!I11="","",'选型表'!I11) | M11: =IF('选型表'!T11="","",'选型表'!T11) | R11: =IF('选型表'!Y11="","",'选型表'!Y11) | S11: =IF('选型表'!Z11="","",'选型表'!Z11) -> P32 | T11: =IF('选型表'!AA11="","",'选型表'!AA11) | V11: 集装式机械密封 100%
A12: =IF('选型表'!A12="","",'选型表'!A12) -> 005 | B12: =IF('选型表'!C12="","",'选型表'!C12) -> P0706A/B/C/D | C12: =IF('选型表'!Q12="","",'选型表'!Q12) | D12: =IF('选型表'!R12="","",'选型表'!R12) | E12: =IF('选型表'!E12="","",'选型表'!E12) -> 4 | F12: =IF('选型表'!F12="","",'选型表'!F12) | G12: =IF('选型表'!G12="","",'选型表'!G12) | H12: =IF('选型表'!H12="","",'选型表'!H12) | I12: =IF('选型表'!K12="","",'选型表'!K12) | J12: =IF('选型表'!L12="","",'选型表'!L12) | K12: =IF('选型表'!J12="","",'选型表'!J12) | L12: =IF('选型表'!I12="","",'选型表'!I12) | M12: =IF('选型表'!T12="","",'选型表'!T12) | R12: =IF('选型表'!Y12="","",'选型表'!Y12) | S12: =IF('选型表'!Z12="","",'选型表'!Z12) -> P32 | T12: =IF('选型表'!AA12="","",'选型表'!AA12) | V12: 集装式机械密封 100%
A13: =IF('选型表'!A13="","",'选型表'!A13) -> 006 | B13: =IF('选型表'!C13="","",'选型表'!C13) -> P0801A1/A2/B1/B2/C1/C2/D1/D2 | C13: =IF('选型表'!Q13="","",'选型表'!Q13) | D13: =IF('选型表'!R13="","",'选型表'!R13) | E13: =IF('选型表'!E13="","",'选型表'!E13) -> 8 | F13: =IF('选型表'!F13="","",'选型表'!F13) | G13: =IF('选型表'!G13="","",'选型表'!G13) | H13: =IF('选型表'!H13="","",'选型表'!H13) | I13: =IF('选型表'!K13="","",'选型表'!K13) | J13: =IF('选型表'!L13="","",'选型表'!L13) | K13: =IF('选型表'!J13="","",'选型表'!J13) | L13: =IF('选型表'!I13="","",'选型表'!I13) | M13: =IF('选型表'!T13="","",'选型表'!T13) | R13: =IF('选型表'!Y13="","",'选型表'!Y13) -> C-6 | S13: =IF('选型表'!Z13="","",'选型表'!Z13) -> P32 | T13: =IF('选型表'!AA13="","",'选型表'!AA13) | V13: 集装式机械密封 100%
A14: =IF('选型表'!A14="","",'选型表'!A14) -> 007 | B14: =IF('选型表'!C14="","",'选型表'!C14) -> P0802A1/A2/B1/B2/C1/C2/D1/D2 | C14: =IF('选型表'!Q14="","",'选型表'!Q14) | D14: =IF('选型表'!R14="","",'选型表'!R14) | E14: =IF('选型表'!E14="","",'选型表'!E14) -> 8 | F14: =IF('选型表'!F14="","",'选型表'!F14) -> H2O:99.5%；灰渣：0.5% | G14: =IF('选型表'!G14="","",'选型表'!G14) -> 0.9282 | H14: =IF('选型表'!H14="","",'选型表'!H14) -> 137.6 | I14: =IF('选型表'!K14="","",'选型表'!K14) -> 0.39 | J14: =IF('选型表'!L14="","",'选型表'!L14) -> 1.8 | K14: =IF('选型表'!J14="","",'选型表'!J14) -> 0.1975 | L14: =IF('选型表'!I14="","",'选型表'!I14) -> 0.34 | M14: =IF('选型表'!T14="","",'选型表'!T14) | R14: =IF('选型表'!Y14="","",'选型表'!Y14) | S14: =IF('选型表'!Z14="","",'选型表'!Z14) -> PLAN 32 | T14: =IF('选型表'!AA14="","",'选型表'!AA14) | V14: 集装式机械密封 100%
A15: =IF('选型表'!A15="","",'选型表'!A15) -> 008 | B15: =IF('选型表'!C15="","",'选型表'!C15) -> P0804A12/B12/C12 | C15: =IF('选型表'!Q15="","",'选型表'!Q15) | D15: =IF('选型表'!R15="","",'选型表'!R15) | E15: =IF('选型表'!E15="","",'选型表'!E15) | F15: =IF('选型表'!F15="","",'选型表'!F15) | G15: =IF('选型表'!G15="","",'选型表'!G15) | H15: =IF('选型表'!H15="","",'选型表'!H15) | I15: =IF('选型表'!K15="","",'选型表'!K15) | J15: =IF('选型表'!L15="","",'选型表'!L15) | K15: =IF('选型表'!J15="","",'选型表'!J15) | L15: =IF('选型表'!I15="","",'选型表'!I15) | M15: =IF('选型表'!T15="","",'选型表'!T15) | R15: =IF('选型表'!Y15="","",'选型表'!Y15) | S15: =IF('选型表'!Z15="","",'选型表'!Z15) | T15: =IF('选型表'!AA15="","",'选型表'!AA15) | V15: 集装式机械密封 100%
A16: =IF('选型表'!A16="","",'选型表'!A16) -> 009 | B16: =IF('选型表'!C16="","",'选型表'!C16) -> P0805A/B/C | C16: =IF('选型表'!Q16="","",'选型表'!Q16) | D16: =IF('选型表'!R16="","",'选型表'!R16) | E16: =IF('选型表'!E16="","",'选型表'!E16) -> 3 | F16: =IF('选型表'!F16="","",'选型表'!F16) | G16: =IF('选型表'!G16="","",'选型表'!G16) | H16: =IF('选型表'!H16="","",'选型表'!H16) | I16: =IF('选型表'!K16="","",'选型表'!K16) | J16: =IF('选型表'!L16="","",'选型表'!L16) | K16: =IF('选型表'!J16="","",'选型表'!J16) | L16: =IF('选型表'!I16="","",'选型表'!I16) | M16: =IF('选型表'!T16="","",'选型表'!T16) | R16: =IF('选型表'!Y16="","",'选型表'!Y16) | S16: =IF('选型表'!Z16="","",'选型表'!Z16) -> P32 | T16: =IF('选型表'!AA16="","",'选型表'!AA16) | V16: 集装式机械密封 100%
A17: =IF('选型表'!A17="","",'选型表'!A17) -> 010 | B17: =IF('选型表'!C17="","",'选型表'!C17) -> P0811A/B/C | C17: =IF('选型表'!Q17="","",'选型表'!Q17) | D17: =IF('选型表'!R17="","",'选型表'!R17) | E17: =IF('选型表'!E17="","",'选型表'!E17) -> 3 | F17: =IF('选型表'!F17="","",'选型表'!F17) | G17: =IF('选型表'!G17="","",'选型表'!G17) | H17: =IF('选型表'!H17="","",'选型表'!H17) | I17: =IF('选型表'!K17="","",'选型表'!K17) | J17: =IF('选型表'!L17="","",'选型表'!L17) | K17: =IF('选型表'!J17="","",'选型表'!J17) | L17: =IF('选型表'!I17="","",'选型表'!I17) | M17: =IF('选型表'!T17="","",'选型表'!T17) | R17: =IF('选型表'!Y17="","",'选型表'!Y17) | S17: =IF('选型表'!Z17="","",'选型表'!Z17) | T17: =IF('选型表'!AA17="","",'选型表'!AA17) | V17: 集装式机械密封 100%
A18: =IF('选型表'!A18="","",'选型表'!A18) -> 011 | B18: =IF('选型表'!C18="","",'选型表'!C18) -> P1004AB | C18: =IF('选型表'!Q18="","",'选型表'!Q18) | D18: =IF('选型表'!R18="","",'选型表'!R18) | E18: =IF('选型表'!E18="","",'选型表'!E18) -> 2 | F18: =IF('选型表'!F18="","",'选型表'!F18) -> H2O:0.5mol%；CH3OH：99.49mol%;H2S：微量 | G18: =IF('选型表'!G18="","",'选型表'!G18) -> 0.777 | H18: =IF('选型表'!H18="","",'选型表'!H18) -> 37.93 | I18: =IF('选型表'!K18="","",'选型表'!K18) -> 0.04 | J18: =IF('选型表'!L18="","",'选型表'!L18) -> 7.89 | K18: =IF('选型表'!J18="","",'选型表'!J18) -> 0.459 | L18: =IF('选型表'!I18="","",'选型表'!I18) -> 0.03 | M18: =IF('选型表'!T18="","",'选型表'!T18) | R18: =IF('选型表'!Y18="","",'选型表'!Y18) -> S-6 | S18: =IF('选型表'!Z18="","",'选型表'!Z18) -> PLAN 11+52 | T18: =IF('选型表'!AA18="","",'选型表'!AA18) | V18: 集装式机械密封 100%
A19: =IF('选型表'!A19="","",'选型表'!A19) -> 012 | B19: =IF('选型表'!C19="","",'选型表'!C19) -> P1801AB | C19: =IF('选型表'!Q19="","",'选型表'!Q19) | D19: =IF('选型表'!R19="","",'选型表'!R19) | E19: =IF('选型表'!E19="","",'选型表'!E19) -> 2 | F19: =IF('选型表'!F19="","",'选型表'!F19) | G19: =IF('选型表'!G19="","",'选型表'!G19) -> 1.2 | H19: =IF('选型表'!H19="","",'选型表'!H19) | I19: =IF('选型表'!K19="","",'选型表'!K19) | J19: =IF('选型表'!L19="","",'选型表'!L19) | K19: =IF('选型表'!J19="","",'选型表'!J19) | L19: =IF('选型表'!I19="","",'选型表'!I19) | M19: =IF('选型表'!T19="","",'选型表'!T19) | R19: =IF('选型表'!Y19="","",'选型表'!Y19) | S19: =IF('选型表'!Z19="","",'选型表'!Z19) -> P32 | T19: =IF('选型表'!AA19="","",'选型表'!AA19) | V19: 集装式机械密封 100%
... A22: =IF('选型表'!A22="","",'选型表'!A22) -> 015 | B22: =IF('选型表'!C22="","",'选型表'!C22) -> P-7103A/B | C22: =IF('选型表'!Q22="","",'选型表'!Q22) | D22: =IF('选型表'!R22="","",'选型表'!R22) | E22: =IF('选型表'!E22="","",'选型表'!E22) -> 2 | F22: =IF('选型表'!F22="","",'选型表'!F22) -> 除氧水 | G22: =IF('选型表'!G22="","",'选型表'!G22) -> 0.933 | H22: =IF('选型表'!H22="","",'选型表'!H22) -> 132 | I22: =IF('选型表'!K22="","",'选型表'!K22) -> 0.25 | J22: =IF('选型表'!L22="","",'选型表'!L22) -> 2 | K22: =IF('选型表'!J22="","",'选型表'!J22) -> 0.21 | L22: =IF('选型表'!I22="","",'选型表'!I22) -> 0.288 | M22: =IF('选型表'!T22="","",'选型表'!T22) | R22: =IF('选型表'!Y22="","",'选型表'!Y22) -> C-6 | S22: =IF('选型表'!Z22="","",'选型表'!Z22) -> PLAN23 | T22: =IF('选型表'!AA22="","",'选型表'!AA22) -> K+密封函体 | V22: 集装式机械密封 100%
D23: 总计 | E23: =SUM(E8:E22) -> 64 | F23: 技术联系人：
A25: 此表（及其附件）经供需双方签字盖章确认后与合同具有同等法律效力，可以不再另行签订合同。 | J25: 交货时间： | O25: 其它约定事项： 1、所有泵的机封均采用集装式机械密封 2、所有机械密封轴套设计定位台，便于调节机封的压缩量 3、双端面机械密封选用双端面承压型防止机封内漏 4、机械密封保证正常使用不小于25000h 5、根据介质特性选择合适的机封O型圈材质，保证密封不泄露 6、机械密封推荐厂家：四川日机、约翰克兰（天津）、丹东克隆
A26: 需方代表： | J26: 供方代表：
A27: 生产部： 采购部： 质量： 技术：

Sheet 电机采购单
A3: 制造商： | G3: 合同号： | I3: =IF('封面'!E8="","",'封面'!E8) | L3: 询价/采购申请单号： | T3: 此页要求查询涂黄处电动机信息
A4: 采购单位 | I4: 电机询价/采购申请单 P-01.01-P | M4: 所属地区 | Q4: 评审人
A5: 项目名称/ 装置名称 | M5: 联 系 人 | Q5: 日 期
A6: 分号 | B6: 设备位号 | C6: 泵 型 号 | E6: 电机型号 | F6: 额定转速 | G6: 功率 | H6: 数量 | I6: 安装 型式B3/V1 | J6: 电压V/ 相数PH/ 频率Hz | K6: 防爆/防护/ 绝缘等级 | L6: 温升 等级 | M6: 轴承 厂家 | N6: 布线 方式 | O6: 安装位置 | P6: 单 价 | Q6: 总价 | R6: 发票 | S6: 高压电机旋转方向： 从电机轴伸端看电机
F7: rpm | G7: (kW) | P7: (元) | Q7: (元) | R7: 情况
A8: =IF('选型表'!A8="","",'选型表'!A8) -> 001 | B8: =IF('选型表'!C8="","",'选型表'!C8) -> P0702A/B/C | D8: =IF('选型表'!R8="","",'选型表'!R8) | E8: =IF('选型表'!AB8="","",'选型表'!AB8) | F8: =IF('选型表'!T8="","",'选型表'!T8) | G8: =IF('选型表'!AC8="","",'选型表'!AC8) | H8: =IF('选型表'!E8="","",'选型表'!E8) -> 3 | K8: 非防爆/IP55/F | L8: B | M8: SKF/FAG | N8: 铠装电缆⏎喇叭口 | O8: 室外
A9: =IF('选型表'!A9="","",'选型表'!A9) -> 002 | B9: =IF('选型表'!C9="","",'选型表'!C9) -> P0703A1/A2/B1/B2/C1/C2/D1/D2 | D9: =IF('选型表'!R9="","",'选型表'!R9) | E9: =IF('选型表'!AB9="","",'选型表'!AB9) | F9: =IF('选型表'!T9="","",'选型表'!T9) | G9: =IF('选型表'!AC9="","",'选型表'!AC9) | H9: =IF('选型表'!E9="","",'选型表'!E9) -> 8 | K9: 非防爆/IP55/F | L9: B | M9: SKF/FAG | N9: 铠装电缆⏎喇叭口 | O9: 室外
A10: =IF('选型表'!A10="","",'选型表'!A10) -> 003 | B10: =IF('选型表'!C10="","",'选型表'!C10) -> P0704A1/A2/B1/B2/C1/C2/D1/D2 | D10: =IF('选型表'!R10="","",'选型表'!R10) | E10: =IF('选型表'!AB10="","",'选型表'!AB10) | F10: =IF('选型表'!T10="","",'选型表'!T10) | G10: =IF('选型表'!AC10="","",'选型表'!AC10) | H10: =IF('选型表'!E10="","",'选型表'!E10) -> 8 | K10: 非防爆/IP55/F | L10: B | M10: SKF/FAG | N10: 铠装电缆⏎喇叭口 | O10: 室外
A11: =IF('选型表'!A11="","",'选型表'!A11) -> 004 | B11: =IF('选型表'!C11="","",'选型表'!C11) -> P0705A1/A2/B1/B2/C1/C2/D1/D2 | D11: =IF('选型表'!R11="","",'选型表'!R11) | E11: =IF('选型表'!AB11="","",'选型表'!AB11) | F11: =IF('选型表'!T11="","",'选型表'!T11) | G11: =IF('选型表'!AC11="","",'选型表'!AC11) | H11: =IF('选型表'!E11="","",'选型表'!E11) -> 8 | K11: 非防爆/IP55/F | L11: B | M11: SKF/FAG | N11: 铠装电缆⏎喇叭口 | O11: 室外
A12: =IF('选型表'!A12="","",'选型表'!A12) -> 005 | B12: =IF('选型表'!C12="","",'选型表'!C12) -> P0706A/B/C/D | D12: =IF('选型表'!R12="","",'选型表'!R12) | E12: =IF('选型表'!AB12="","",'选型表'!AB12) | F12: =IF('选型表'!T12="","",'选型表'!T12) | G12: =IF('选型表'!AC12="","",'选型表'!AC12) | H12: =IF('选型表'!E12="","",'选型表'!E12) -> 4 | K12: 非防爆/IP55/F | L12: B | M12: SKF/FAG | N12: 铠装电缆⏎喇叭口 | O12: 室外
A13: =IF('选型表'!A13="","",'选型表'!A13) -> 006 | B13: =IF('选型表'!C13="","",'选型表'!C13) -> P0801A1/A2/B1/B2/C1/C2/D1/D2 | D13: =IF('选型表'!R13="","",'选型表'!R13) | E13: =IF('选型表'!AB13="","",'选型表'!AB13) | F13: =IF('选型表'!T13="","",'选型表'!T13) | G13: =IF('选型表'!AC13="","",'选型表'!AC13) | H13: =IF('选型表'!E13="","",'选型表'!E13) -> 8 | J13: 10K/3/50 | K13: expzⅡCT4/IP55/F | L13: B | N13: 铠装电缆⏎喇叭口 | O13: 室外
A14: =IF('选型表'!A14="","",'选型表'!A14) -> 007 | B14: =IF('选型表'!C14="","",'选型表'!C14) -> P0802A1/A2/B1/B2/C1/C2/D1/D2 | D14: =IF('选型表'!R14="","",'选型表'!R14) | E14: =IF('选型表'!AB14="","",'选型表'!AB14) -> YBX5 | F14: =IF('选型表'!T14="","",'选型表'!T14) | G14: =IF('选型表'!AC14="","",'选型表'!AC14) | H14: =IF('选型表'!E14="","",'选型表'!E14) -> 8 | J14: 380/3/50 | K14: dIICT4/IP55/F | L14: B | M14: SKF/FAG | N14: 铠装电缆⏎喇叭口 | O14: 室外
A15: =IF('选型表'!A15="","",'选型表'!A15) -> 008 | B15: =IF('选型表'!C15="","",'选型表'!C15) -> P0804A12/B12/C12 | D15: =IF('选型表'!R15="","",'选型表'!R15) | E15: =IF('选型表'!AB15="","",'选型表'!AB15) | F15: =IF('选型表'!T15="","",'选型表'!T15) | G15: =IF('选型表'!AC15="","",'选型表'!AC15) | H15: =IF('选型表'!E15="","",'选型表'!E15) | K15: 非防爆/IP55/F | L15: B | M15: SKF/FAG | N15: 铠装电缆⏎喇叭口 | O15: 室外
A16: =IF('选型表'!A16="","",'选型表'!A16) -> 009 | B16: =IF('选型表'!C16="","",'选型表'!C16) -> P0805A/B/C | D16: =IF('选型表'!R16="","",'选型表'!R16) | E16: =IF('选型表'!AB16="","",'选型表'!AB16) | F16: =IF('选型表'!T16="","",'选型表'!T16) | G16: =IF('选型表'!AC16="","",'选型表'!AC16) | H16: =IF('选型表'!E16="","",'选型表'!E16) -> 3 | K16: 非防爆/IP55/F | L16: B | M16: SKF/FAG | N16: 铠装电缆⏎喇叭口 | O16: 室外
A17: =IF('选型表'!A17="","",'选型表'!A17) -> 010 | B17: =IF('选型表'!C17="","",'选型表'!C17) -> P0811A/B/C | D17: =IF('选型表'!R17="","",'选型表'!R17) | E17: =IF('选型表'!AB17="","",'选型表'!AB17) | F17: =IF('选型表'!T17="","",'选型表'!T17) | G17: =IF('选型表'!AC17="","",'选型表'!AC17) | H17: =IF('选型表'!E17="","",'选型表'!E17) -> 3 | K17: 非防爆/IP55/F | L17: B | M17: SKF/FAG | N17: 铠装电缆⏎喇叭口 | O17: 室外
A18: =IF('选型表'!A18="","",'选型表'!A18) -> 011 | B18: =IF('选型表'!C18="","",'选型表'!C18) -> P1004AB | D18: =IF('选型表'!R18="","",'选型表'!R18) | E18: =IF('选型表'!AB18="","",'选型表'!AB18) -> YBX3 | F18: =IF('选型表'!T18="","",'选型表'!T18) | G18: =IF('选型表'!AC18="","",'选型表'!AC18) | H18: =IF('选型表'!E18="","",'选型表'!E18) -> 2 | J18: 10K/3/50 | K18: dIICT4/IP55/F | L18: B | M18: SKF/FAG | N18: 铠装电缆⏎喇叭口 | O18: 室外
A19: =IF('选型表'!A19="","",'选型表'!A19) -> 012 | B19: =IF('选型表'!C19="","",'选型表'!C19) -> P1801AB | D19: =IF('选型表'!R19="","",'选型表'!R19) | E19: =IF('选型表'!AB19="","",'选型表'!AB19) | F19: =IF('选型表'!T19="","",'选型表'!T19) | G19: =IF('选型表'!AC19="","",'选型表'!AC19) | H19: =IF('选型表'!E19="","",'选型表'!E19) -> 2 | K19: 非防爆/IP55/F | L19: B | M19: SKF/FAG | N19: 铠装电缆⏎喇叭口 | O19: 室外
A20: =IF('选型表'!A20="","",'选型表'!A20) -> 013 | B20: =IF('选型表'!C20="","",'选型表'!C20) -> P-7101A/B/C | D20: =IF('选型表'!R20="","",'选型表'!R20) | E20: =IF('选型表'!AB20="","",'选型表'!AB20) | F20: =IF('选型表'!T20="","",'选型表'!T20) | G20: =IF('选型表'!AC20="","",'选型表'!AC20) | H20: =IF('选型表'!E20="","",'选型表'!E20) -> 3 | J20: 10K/3/50 | K20: 非防爆/IP55/F | L20: B | M20: SKF/FAG | N20: 铠装电缆⏎喇叭口 | O20: 室外
A21: =IF('选型表'!A21="","",'选型表'!A21) -> 014 | B21: =IF('选型表'!C21="","",'选型表'!C21) -> P-7102A/B | D21: =IF('选型表'!R21="","",'选型表'!R21) | E21: =IF('选型表'!AB21="","",'选型表'!AB21) | F21: =IF('选型表'!T21="","",'选型表'!T21) | G21: =IF('选型表'!AC21="","",'选型表'!AC21) | H21: =IF('选型表'!E21="","",'选型表'!E21) -> 2 | J21: 10K/3/50 | K21: 防爆IIBT4/IP55/F | L21: B | M21: SKF/FAG | N21: 铠装电缆⏎喇叭口 | O21: 室外
A22: =IF('选型表'!A22="","",'选型表'!A22) -> 015 | B22: =IF('选型表'!C22="","",'选型表'!C22) -> P-7103A/B | D22: =IF('选型表'!R22="","",'选型表'!R22) | E22: =IF('选型表'!AB22="","",'选型表'!AB22) | F22: =IF('选型表'!T22="","",'选型表'!T22) | G22: =IF('选型表'!AC22="","",'选型表'!AC22) | H22: =IF('选型表'!E22="","",'选型表'!E22) -> 2 | J22: 380/3/50 | K22: 防爆IIBT4/IP55/F | L22: B | M22: SKF/FAG | N22: 铠装电缆⏎喇叭口 | O22: 室外
E23: 总计台数： | H23: =SUM(H8:H22) -> 64 | I23: 技术联系人：
A25: 此表（及其附件）经供需双方签字盖章确认后与合同具有同等法律效力，可以不再另行签订合同 | G25: 交货时间： | J25: 其它约定事项： 1、执行《成套设备订货的电气通用技术要求》 2、电机功率满足泵API标准要求的试验取点并不超电流，否则由成套商进行无条件更换电机 3、电机四周设置调水平垂直调整螺栓，顶丝板和底座不允许焊接；电机与底座采用螺栓（不采用全螺纹）连接，留有四周调节余量；电机旋转方向不得双向标识，按照主机旋转方向；轴承加油孔水平方向设计 4、电机需自带不锈钢304调整垫片，大小覆盖底座，出厂前应完成和泵的联轴器对中，现场不允许出现虚脚振动问题，电机振动满足GB/T6075.3的A级振动 5、所有电动机均应适合于化工厂化学条件下室外运行条件，接线盒配备不锈钢防雨罩 6、高低压电动机（变频电机除外）均须按现行GB18613及GB30254一级能效选型并贴"能效一级"中国能效标识；10kV电动机按不低于同规格6kV电动机能效指标降0.2%考核；进口或合资品牌电动机按IEC能效最高要求执行 7、电机设计能双向运转，但电机旋向只标注一个旋向，与设备旋转方向一致 8、电机加油嘴水平安装，不能垂直往上 9、电机的碳钢材质需采用喷漆防腐 10、要求在卖方试车时用原装电机试泵，检验电机的功率轴承温度及振动等技术参数 11、电动机空间加热器采用AC220V供电并将引接线引入单独的接线盒内 12、低压电动机P≥110kW、高压电动机P≥500kW须配置定子、轴承Pt100三线制铂热电阻测温，所有测温导线引接到单独的终端接线盒内 13、P≥1000kW电动机须增加振动探头（前后轴各两个），引至电机本体接线盒内并预留去DCS电缆进线口 14、原则上所有电动机进线方式均采用阻燃铠装电缆布线，接线盒进线侧须为喇叭口形式或配置不锈钢材质铠装电缆密封夹紧装置，接线盒需为铸铁剖分型式可四个90°方位调整 15、P≥110kW的所有电动机主接线盒内部全部采用接线柱压板接线并随机配置电机厂原厂的接线柱压板 16、电机转子材料采用铜条（T2无氧铜）形式，电动机铭牌和铭牌的金属构件采用不锈钢材料 17、电动机风叶应采用耐腐蚀性材料制造，推荐选用铸铝风叶或钢制风叶 18、P＜1000kW的电动机采用滚动轴承，P≥1000kW的电动机采用滑动轴承或轴瓦；滚动轴承脂润滑须带不停机注排油装置 19、P≥1000kW电动机须采用IC81W水冷冷却方式，水冷器列管须采用316L不锈钢材质并配置漏水检测保护开关；其余电动机须采用全封闭自扇冷型冷却方式 20、爆炸性气体环境采用正压型、增安型的电动机须随机配套供应吹扫系统 21、工厂试车须采用配套电动机一对一地进行拖动试验并随机提供详细的电气试验数据
A27: 需方代表： | G27: 供方代表：
J28: 喷漆颜色 | K28: 有要求 | L28: 色卡号： | M28: 蓝灰色PB08
A29: 生产部： 采购部： 质量： 技术：

Sheet 联轴器采购单
A1: 供应商： | F1: 询价/采购申请单号： | I1: =IF('密封采购单'!P1="","",'密封采购单'!P1)
A2: 采购单位 | C2: =IF('选型表'!D3="","",'选型表'!D3) | F2: 联轴器采购单 | O2: 所属地区 | P2: =IF('选型表'!Y3="","",'选型表'!Y3) | Q2: =IF('选型表'!AB3="","",'选型表'!AB3) -> 评审人 | S2: =IF('选型表'!AC3="","",'选型表'!AC3)
A3: 项目名称/ 装置名称 | C3: =IF('选型表'!D5="","",'选型表'!D5) | O3: 联 系 人 | P3: =IF('选型表'!Y5="","",'选型表'!Y5) | Q3: 日 期 | S3: =IF('选型表'!AC5="","",'选型表'!AC5)
A4: 由技术/工程部填写 | P4: 由联轴器供应商填写
A5: 序号 | B5: 设备位号 | C5: 泵 型 号 | E5: 泵台数 | F5: =IF('选型表'!S6="","",'选型表'!S6) -> 自吸高度m | G5: 轴功率kW | H5: 电机型号 | I5: 电机功率kW | J5: 泵端轴头规格连接尺寸mm | K5: 电机端轴头规格连接尺寸mm | L5: 轴承架号 | M5: 联轴器类型 | N5: 轴端间距（DBSE） mm | O5: 备 件 | P5: 联轴器 | S5: 备注
P6: 型号 | Q6: 单价 | R6: 总价
U7: 此页要求查询涂黄处联轴器信息
A8: =IF('选型表'!A8="","",'选型表'!A8) -> 001 | B8: =IF('选型表'!C8="","",'选型表'!C8) -> P0702A/B/C | C8: =IF('选型表'!Q8="","",'选型表'!Q8) | D8: =IF('选型表'!R8="","",'选型表'!R8) | E8: =IF('选型表'!E8="","",'选型表'!E8) -> 3 | F8: =IF('选型表'!T8="","",'选型表'!T8) | G8: =IF('选型表'!X8="","",'选型表'!X8) | H8: =IF('选型表'!AB8="","",'选型表'!AB8) | I8: =IF('选型表'!AC8="","",'选型表'!AC8) | L8: =IF('选型表'!AD8="","",'选型表'!AD8)
A9: =IF('选型表'!A9="","",'选型表'!A9) -> 002 | B9: =IF('选型表'!C9="","",'选型表'!C9) -> P0703A1/A2/B1/B2/C1/C2/D1/D2 | C9: =IF('选型表'!Q9="","",'选型表'!Q9) | D9: =IF('选型表'!R9="","",'选型表'!R9) | E9: =IF('选型表'!E9="","",'选型表'!E9) -> 8 | F9: =IF('选型表'!T9="","",'选型表'!T9) | G9: =IF('选型表'!X9="","",'选型表'!X9) | H9: =IF('选型表'!AB9="","",'选型表'!AB9) | I9: =IF('选型表'!AC9="","",'选型表'!AC9) | L9: =IF('选型表'!AD9="","",'选型表'!AD9)
A10: =IF('选型表'!A10="","",'选型表'!A10) -> 003 | B10: =IF('选型表'!C10="","",'选型表'!C10) -> P0704A1/A2/B1/B2/C1/C2/D1/D2 | C10: =IF('选型表'!Q10="","",'选型表'!Q10) | D10: =IF('选型表'!R10="","",'选型表'!R10) | E10: =IF('选型表'!E10="","",'选型表'!E10) -> 8 | F10: =IF('选型表'!T10="","",'选型表'!T10) | G10: =IF('选型表'!X10="","",'选型表'!X10) | H10: =IF('选型表'!AB10="","",'选型表'!AB10) | I10: =IF('选型表'!AC10="","",'选型表'!AC10) | L10: =IF('选型表'!AD10="","",'选型表'!AD10)
A11: =IF('选型表'!A11="","",'选型表'!A11) -> 004 | B11: =IF('选型表'!C11="","",'选型表'!C11) -> P0705A1/A2/B1/B2/C1/C2/D1/D2 | C11: =IF('选型表'!Q11="","",'选型表'!Q11) | D11: =IF('选型表'!R11="","",'选型表'!R11) | E11: =IF('选型表'!E11="","",'选型表'!E11) -> 8 | F11: =IF('选型表'!T11="","",'选型表'!T11) | G11: =IF('选型表'!X11="","",'选型表'!X11) | H11: =IF('选型表'!AB11="","",'选型表'!AB11) | I11: =IF('选型表'!AC11="","",'选型表'!AC11) | L11: =IF('选型表'!AD11="","",'选型表'!AD11)
A12: =IF('选型表'!A12="","",'选型表'!A12) -> 005 | B12: =IF('选型表'!C12="","",'选型表'!C12) -> P0706A/B/C/D | C12: =IF('选型表'!Q12="","",'选型表'!Q12) | D12: =IF('选型表'!R12="","",'选型表'!R12) | E12: =IF('选型表'!E12="","",'选型表'!E12) -> 4 | F12: =IF('选型表'!T12="","",'选型表'!T12) | G12: =IF('选型表'!X12="","",'选型表'!X12) | H12: =IF('选型表'!AB12="","",'选型表'!AB12) | I12: =IF('选型表'!AC12="","",'选型表'!AC12) | L12: =IF('选型表'!AD12="","",'选型表'!AD12)
A13: =IF('选型表'!A13="","",'选型表'!A13) -> 006 | B13: =IF('选型表'!C13="","",'选型表'!C13) -> P0801A1/A2/B1/B2/C1/C2/D1/D2 | C13: =IF('选型表'!Q13="","",'选型表'!Q13) | D13: =IF('选型表'!R13="","",'选型表'!R13) | E13: =IF('选型表'!E13="","",'选型表'!E13) -> 8 | F13: =IF('选型表'!T13="","",'选型表'!T13) | G13: =IF('选型表'!X13="","",'选型表'!X13) | H13: =IF('选型表'!AB13="","",'选型表'!AB13) | I13: =IF('选型表'!AC13="","",'选型表'!AC13) | L13: =IF('选型表'!AD13="","",'选型表'!AD13)
A14: =IF('选型表'!A14="","",'选型表'!A14) -> 007 | B14: =IF('选型表'!C14="","",'选型表'!C14) -> P0802A1/A2/B1/B2/C1/C2/D1/D2 | C14: =IF('选型表'!Q14="","",'选型表'!Q14) | D14: =IF('选型表'!R14="","",'选型表'!R14) | E14: =IF('选型表'!E14="","",'选型表'!E14) -> 8 | F14: =IF('选型表'!T14="","",'选型表'!T14) | G14: =IF('选型表'!X14="","",'选型表'!X14) | H14: =IF('选型表'!AB14="","",'选型表'!AB14) -> YBX5 | I14: =IF('选型表'!AC14="","",'选型表'!AC14) | L14: =IF('选型表'!AD14="","",'选型表'!AD14)
A15: =IF('选型表'!A15="","",'选型表'!A15) -> 008 | B15: =IF('选型表'!C15="","",'选型表'!C15) -> P0804A12/B12/C12 | C15: =IF('选型表'!Q15="","",'选型表'!Q15) | D15: =IF('选型表'!R15="","",'选型表'!R15) | E15: =IF('选型表'!E15="","",'选型表'!E15) | F15: =IF('选型表'!T15="","",'选型表'!T15) | G15: =IF('选型表'!X15="","",'选型表'!X15) | H15: =IF('选型表'!AB15="","",'选型表'!AB15) | I15: =IF('选型表'!AC15="","",'选型表'!AC15) | L15: =IF('选型表'!AD15="","",'选型表'!AD15)
A16: =IF('选型表'!A16="","",'选型表'!A16) -> 009 | B16: =IF('选型表'!C16="","",'选型表'!C16) -> P0805A/B/C | C16: =IF('选型表'!Q16="","",'选型表'!Q16) | D16: =IF('选型表'!R16="","",'选型表'!R16) | E16: =IF('选型表'!E16="","",'选型表'!E16) -> 3 | F16: =IF('选型表'!T16="","",'选型表'!T16) | G16: =IF('选型表'!X16="","",'选型表'!X16) | H16: =IF('选型表'!AB16="","",'选型表'!AB16) | I16: =IF('选型表'!AC16="","",'选型表'!AC16) | L16: =IF('选型表'!AD16="","",'选型表'!AD16)
A17: =IF('选型表'!A17="","",'选型表'!A17) -> 010 | B17: =IF('选型表'!C17="","",'选型表'!C17) -> P0811A/B/C | C17: =IF('选型表'!Q17="","",'选型表'!Q17) | D17: =IF('选型表'!R17="","",'选型表'!R17) | E17: =IF('选型表'!E17="","",'选型表'!E17) -> 3 | F17: =IF('选型表'!T17="","",'选型表'!T17) | G17: =IF('选型表'!X17="","",'选型表'!X17) | H17: =IF('选型表'!AB17="","",'选型表'!AB17) | I17: =IF('选型表'!AC17="","",'选型表'!AC17) | L17: =IF('选型表'!AD17="","",'选型表'!AD17)
A18: =IF('选型表'!A18="","",'选型表'!A18) -> 011 | B18: =IF('选型表'!C18="","",'选型表'!C18) -> P1004AB | C18: =IF('选型表'!Q18="","",'选型表'!Q18) | D18: =IF('选型表'!R18="","",'选型表'!R18) | E18: =IF('选型表'!E18="","",'选型表'!E18) -> 2 | F18: =IF('选型表'!T18="","",'选型表'!T18) | G18: =IF('选型表'!X18="","",'选型表'!X18) | H18: =IF('选型表'!AB18="","",'选型表'!AB18) -> YBX3 | I18: =IF('选型表'!AC18="","",'选型表'!AC18) | L18: =IF('选型表'!AD18="","",'选型表'!AD18)
A19: =IF('选型表'!A19="","",'选型表'!A19) -> 012 | B19: =IF('选型表'!C19="","",'选型表'!C19) -> P1801AB | C19: =IF('选型表'!Q19="","",'选型表'!Q19) | D19: =IF('选型表'!R19="","",'选型表'!R19) | E19: =IF('选型表'!E19="","",'选型表'!E19) -> 2 | F19: =IF('选型表'!T19="","",'选型表'!T19) | G19: =IF('选型表'!X19="","",'选型表'!X19) | H19: =IF('选型表'!AB19="","",'选型表'!AB19) | I19: =IF('选型表'!AC19="","",'选型表'!AC19) | L19: =IF('选型表'!AD19="","",'选型表'!AD19)
... A22: =IF('选型表'!A22="","",'选型表'!A22) -> 015 | B22: =IF('选型表'!C22="","",'选型表'!C22) -> P-7103A/B | C22: =IF('选型表'!Q22="","",'选型表'!Q22) | D22: =IF('选型表'!R22="","",'选型表'!R22) | E22: =IF('选型表'!E22="","",'选型表'!E22) -> 2 | F22: =IF('选型表'!T22="","",'选型表'!T22) | G22: =IF('选型表'!X22="","",'选型表'!X22) | H22: =IF('选型表'!AB22="","",'选型表'!AB22) | I22: =IF('选型表'!AC22="","",'选型表'!AC22) | L22: =IF('选型表'!AD22="","",'选型表'!AD22)
D23: 总计 | E23: =SUM(E8:E22) -> 64
A25: 此表（及其附件）经供需双方签字盖章确认后与合同具有同等法律效力，可以不再另行签订合同。 | H25: 其它约定事项： 1、联轴器选用带有加长段的双膜片式联轴器（若与数据表矛盾，以此为准）。 2、联轴器护罩形式为无火花型、全封闭，不得有旋转部件裸露在外、带盘车天窗。 3、防护罩要保证稳定牢靠，不能变形，防护罩厚度不低于3mm。 4、所有防护罩统一采用中黄色面漆。 5、联轴器推荐厂家：无锡创明、沈阳申克、丹东克隆。 6、机泵出厂前，联轴器应进行粗对中，电机端留有加垫片的余量，并带3层不锈钢调整垫片。 7、针对电机软脚问题，卖方负责现场处理软脚以及软脚后的联轴器对中工作。 8、备品备件：膜片及螺栓螺母组件按50%台套配备。
A26: 需方代表：
A27: 计划员： 生产部负责人： 下达日期： 要求供货日期： 供应科长： 采购： 检查： 保管员：

Sheet 接线箱询价单 
F1: =IF('封面'!E8="","",'封面'!E8)
A2: 采购单位 | C2: =IF('封面'!E11="","",'封面'!E11) | F2: 接线箱采购单 | Q2: 所属地区 | T2: 评审人
A3: 业主名称
A4: 项目名称/装置名称 | C4: =IF('封面'!E9="","",'封面'!E9) | Q4: 联系人 | T4: 评审日期 | U4: =IF('封面'!E18="","",'封面'!E18) | X4: 此页要求查询涂黄处接线箱信息
A5: 序号 | B5: 设备位号 | C5: 型号 | E5: 数量 | F5: 操 作 条 件
Q6: 供货周期 | R6: 材质 | S6: 型号 | T6: 单价 （元） | U6: 备注
S7: 系统 | T7: 系统
D8: ='选型表'!R8 | F8: 1、接线箱防爆等级Exd IICT6，IP65，材料为不锈钢材质。 2、接线箱出线口为G1 1/2"。 3、接线箱由投标方供货。 4、一次仪表至接线箱侧材料由投标方设计供货。 5、接线箱采用底进底出型，出口尺寸为G1-1/2″（内），并带不锈钢防爆密封接头（如有备用接线口，配置不锈钢丝堵）。 6、接线箱为不锈钢材质，配不锈钢螺栓，接线箱防爆等级不低于ExdⅡCT4，并预留20%空余端子。 7、接线箱内接线端子要求进口品牌，不可采用弹簧式端子，接线箱外带接地螺丝。 8、本安信号与隔爆信号接线箱分开设置，模拟量和开关量接线箱分开设置。 9、参与联锁的测点信号全部由现场接线箱转接并引至DCS或者SIS机柜。 10、以现场接线箱为界：接线箱（含接线箱）到现场表的连接由投标方设计和供货，接线箱至DCS或者SIS的电缆、穿线管等安装材料由招标方设计和供货。 11、仪表接线箱接线图由投标方提供。
A9: 合计 | E9: =SUM(E8:E8)
A10: 说明：

Sheet 喷漆包装要求
A1: ="喷漆"&'封面'!E8 -> 喷漆 | E1: ="包装"&'封面'!E8 -> 包装
A2: 油漆品牌 | B2: 佐敦、海虹老人、青岛海建化学有限公司、陕西宝塔山油漆股份有限公司 | E2: 防护符合当地气候（防雨、防潮、且内包装具有防火功能）；满足户外存放6个月以上；管口用四氟板密封固定；随机资料单独包装
A3: 油漆种类 | B3: 底漆：环氧富锌底漆；中间漆：环氧云母氧化铁防锈漆；面漆：脂肪族聚氨酯面漆
A4: 漆膜厚度 | B4: 不小于220μm
A5: 地区环境
A6: 部位 | B6: 面漆颜色 | C6: 色卡号 | D6: 备注
A7: 泵 | B7: 蓝灰色 | C7: PB08
A8: 底座 | B8: 蓝灰色 | C8: PB08
A9: 联轴器护罩 | B9: 中黄色 | C9: Y07
A10: 电机 | B10: 蓝灰色 | C10: PB08
A11: 系统管路
A12: 热水管路
A13: 冷却水管路 | B13: 艳绿色 | C13: G03
A14: 蒸汽管路 | B14: 大红色 | C14: R03
A15: 标志色
A16: 进出口阀门及过滤器等
A17: 控制柜（接线箱）等 | B17: 蓝灰色 | C17: PB08
A18: 其他部件（独立安装发货的大件）
A21: 注意：针对有不锈钢表面不喷漆的要求，首先工程部与用户确认，泵头部分是否也按此执行；
A22: 厂标：如果有不锈钢表面不喷漆要求，焊接部位必须酸洗，机加工表面不用酸洗，不锈钢管需要采用亮管，不锈钢泵头部分按酸洗钝化处理。

Sheet 检验试验要求
C1: ="检验"&'封面'!E8 -> 检验
A2: 检验和试验要求： 1、应按API 标准规范中最高要求进行检验和试验,检验试验项目包括但不仅包括以下条款：a) 制造厂标准车间试验 b) 机械运转试验 c) 水压试验 d) 外观检查 e) 性能试验 f) 汽蚀试验（当NPSHA-NPSHr<1m 时需要进行） 2、所有试验的结果应记录并送交买方认可。 3、对买方规定需到场目睹或观察的检查或试验项目，卖方确定试验日期后应至少提前二十天通知买方，以便买方能及时参加。 4、如果买方参加卖方供货机组的部分检验和试验,将仍不解除卖方的全部合同责任。 5、水压试验：R、W 6、静平衡试验：R 7、动平衡试验：R 8、性能试验：R、W 9、机械运转试验：R、W 10、外观及尺寸检验：R、W 11、冲洗系统运转试验：R 12、装运准备（包括备品备件和专用工具）：R 13、NPSH 试验：R 14、噪音试验：R 15、驱动机试验检验及报告：R 16、在额定转速下和额定流量下，泵的扬程、轴功率、效率和必需汽蚀余量的偏差，应不超过规定中的要求。
I4: 此页要求查询涂黄处检验和试验信息

Sheet 完工资料要求
D1: ="完工资料"&'封面'!E8 -> 完工资料
A2: 设备技术参数一览表、数据表、性能曲线、外形图（含管口允许的力和力矩，交接点法兰表等）、基础图（含动、静载荷条件，基础外形尺寸等）、带供货范围分界的P&ID、公用工程消耗表、散件供货的配套件的图纸等、压力容器设备清单列表及压力容器施工图、除压力容器外的辅机设备清单列表以及设备外形图、监测仪表一览表（含位号和名称）及与用户接口信息、联锁逻辑图（或功能表）及I/O清单、电气原理图、电动机图纸、安全阀清单和数据表、制造商的其他资料 份数：6份 语言：中文
F3: 此页要求查询涂黄处完工资料/完工报告信息

Sheet 名词概念及注意事项
A2: 名词概念及注意事项
A3: 序号 | B3: 注意内容
A4: 1 | B4: 随机资料内容及编制方法详见技术协议
A5: 2 | B5: 每位号：指每个分号（例如2018-S-008-001为1个分号） | D5: 制式文件，此页无需操作
A6: 3 | B6: 1台套：指1台整机的全部用量（例如两端支撑泵用机械密封1台套实际包含数量为2套机械密封）
A7: 4 | B7: 套和台套要区分清楚：对于两端支撑泵，如果用户只要1套备件，工程人员需要明确写出要驱动端的还是非驱动端的
A8: 5 | B8: 1台套/泵型号：指相同泵型号的备件要1台套即可，如果相同型号备件材质不同，需要按高材质提供，工程人员应明确指出按哪个位号提供
A9: 6 | B9: 排产时工程人员应提供材料执行标准及材质代号
A10: 7 | B10: 如果各部件有特殊要求，例如碳钢轴承架、油雾润滑及轴承箱风冷等，要在排产说明中指出
A11: 8 | B11: 未写明标准版本的均按照最新版本执行
